 Dungeon Crawl Stone Soup version 0.27-a0-1590-g15f69828bf (webtiles) character file.

Game seed: 6200062086210347524

573293 wakim the Shatterer (level 25, -3/240 HPs)
             Began as a Minotaur Monk on July 18, 2021.
             Was the Champion of the Shining One.
             Slain by an ettin (31 damage)
             ... on level 5 of the Vaults.
             The game lasted 04:16:22 (83204 turns).

wakim the Shatterer (Minotaur Monk)                Turns: 83204, Time: 04:16:23

Health: -3/240     AC: 40    Str: 28    XL:     25   Next: 70%
Magic:  34/41      EV: 14    Int: 12    God:    the Shining One [******]
Gold:   4276       SH:  5    Dex: 16    Spells: 24/24 levels left

rFire    + + .     SeeInvis .   b - +10 dark maul {vorpal}
rCold    + + .     Faith    .   (shield currently unavailable)
rNeg     + + +     Spirit   .   k - +5 gold dragon scales
rPois    +         Reflect  +   p - +3 hat of Pondering {ponderous, Will+ MP+10 Int+5}
rElec    +         Harm     .   i - scarf {rC+ rF+}
rCorr    +         Rampage  +   g - +2 pair of gloves {Str+3}
Will     +++..                  f - +2 pair of boots {rampage}
Stlth    ..........             z - amulet of reflection
HPRegen  0.50/turn              m - ring of willpower
MPRegen  0.27/turn              l - ring of Decamid {Wiz rElec rCorr}

@: hasted, glowing, studying 4 skills, very quick
A: horns 2, retaliatory headbutt, hooves 1, low mp 1
}: 3/15 runes: barnacled, silver, gossamer
a: Renounce Religion, Divine Shield, Cleansing Flame, Summon Divine Warrior,
Brand Weapon With Holy Wrath


You were on level 5 of the Vaults.
You worshipped the Shining One.
The Shining One was exalted by your worship.
You visited 9 branches of the dungeon, and saw 45 of its levels.
You visited the Abyss 2 times.
You also visited: Gauntlet and Ice Cave.

You collected 7944 gold pieces.
You spent 3668 gold pieces at shops.

Inventory:

Hand Weapons
 a - the +8 longbow "Lemunamn" {flame, rC+ Dex+3}
   (You acquired it on level 8 of the Dungeon)

   Any ammunition fired from it burns those it strikes, dealing additional fire
   damage.
   Dex:       It affects your dexterity (+3).
   rC:        It protects you from cold.
 b - the +10 dark maul (weapon) {vorpal}
   (You took it off a two-headed ogre on level 1 of the Orcish Mines)

   It inflicts extra damage upon your enemies.
 c - a +6 great mace of electrocution
Missiles
 e - 8 throwing nets {=f!f}
 n - 22 atropa-tipped darts
 o - 929 arrows
 V - 6 curare-tipped darts {=f}
Armour
 f - a +2 pair of boots of rampaging (worn)
 g - a +2 pair of gloves of strength (worn)
 h - the +5 plate armour of Onarhax {rF++}
   (You found it on level 11 of the Dungeon)

   rF:        It greatly protects you from fire.
 i - a scarf of resistance (worn)
 k - +5 gold dragon scales (worn)
 p - the +3 hat of Pondering (worn) {ponderous, Will+ MP+10 Int+5}
   (You found it on level 1 of the Depths)

   Int:       It affects your intelligence (+5).
   MP:        It affects your magic capacity (+10).
   Will:      It increases your willpower.
 P - a +2 cloak
Jewellery
 d - the ring of Wariness {Fly rC+ Int+3}
   (You took it off a deep elf blademaster on level 3 of the Elven Halls)

   [ring of flight]

   Int:       It affects your intelligence (+3).
   rC:        It protects you from cold.
   Fly:       It grants you flight.
 j - a +4 ring of evasion
 l - the ring of Decamid (right hand) {Wiz rElec rCorr}
   (You took it off a minotaur in a Gauntlet)

   [ring of wizardry]

   It improves your spell success rate.
   rElec:     It insulates you from electricity.
   rCorr:     It protects you from acid and corrosion.
 m - a ring of willpower (left hand)
 s - the ring of Zyap {Wiz rPois}
   (You found it in a Gauntlet)

   [ring of wizardry]

   It improves your spell success rate.
   rPois:     It protects you from poison.
 u - a ring of protection from fire
 z - an amulet of reflection (around neck)
Wands
 t - a wand of digging (19)
 w - a wand of acid (21)
 y - a wand of paralysis (59)
Scrolls
 q - 4 scrolls of enchant armour
 r - 27 scrolls of identify
 I - 2 scrolls of enchant weapon
 Q - 3 scrolls of immolation {!r!r}
 R - 6 scrolls of magic mapping {!r}
 S - a scroll of summoning
 T - 16 scrolls of teleportation
 U - 5 scrolls of fear
 W - 4 scrolls of holy word
 X - 10 scrolls of fog
 Y - 9 scrolls of blinking {!r}
 Z - 4 scrolls of silence {!r}
Potions
 A - 6 potions of ambrosia
 B - 6 potions of attraction {!q}
 C - 4 potions of berserk rage {!q}
 D - 2 potions of brilliance
 E - 4 potions of cancellation
 F - 20 potions of curing
 H - 7 potions of haste
 J - 5 potions of heal wounds
 K - 2 potions of magic
 L - 13 potions of lignification {!q}
 M - 17 potions of mutation {!q}
 N - 3 potions of might
 O - 6 potions of resistance


   Skills:
 + Level 22.6 Fighting
 * Level 23.6 Maces & Flails
 - Level 20.0 Bows
 + Level 12.9 Crossbows
 + Level 22.3 Armour
 + Level 15.2 Dodging
 - Level 1.5 Stealth
 - Level 15.0 Shields
 + Level 18.7 Invocations


You had 24 spell levels left.
You didn't know any spells.
Your spell library contained the following spells:

 Spells                   Type           Power      Damage    Failure   Level
 Beastly Appendage        Tmut           0%         N/A       73%         1
 Corona                   Hex            0%         N/A       73%         1
 Foxfire                  Conj/Fire      0%         2x1d4     73%         1
 Freeze                   Ice            0%         1d3       73%         1
 Magic Dart               Conj           0%         1d3       73%         1
 Sandblast                Erth           0%         2d4       73%         1
 Summon Small Mammal      Summ           0%         N/A       73%         1
 Blink                    Tloc           N/A        N/A       86%         2
 Corpse Rot               Necr/Air       N/A        N/A       86%         2
 Ensorcelled Hibernation  Hex/Ice        0%         N/A       86%         2
 Poisonous Vapours        Pois/Air       0%         N/A       86%         2
 Searing Ray              Conj           0%         3d3       86%         2
 Slow                     Hex            0%         N/A       86%         2
 Static Discharge         Conj/Air       0%         N/A       86%         2
 Wereblood                Tmut           0%         N/A       86%         2
 Call Canine Familiar     Summ           0%         N/A       97%         3
 Confusing Touch          Hex            0%         N/A       97%         3
 Conjure Flame            Conj/Fire      0%         6-21      97%         3
 Dazzling Flash           Conj/Hex       0%         N/A       97%         3
 Gell's Gravitas          Tloc           0%         N/A       97%         3
 Ignite Poison            Fire/Tmut/Pois 0%         N/A       97%         3
 Inner Flame              Hex/Fire       0%         N/A       97%         3
 Mephitic Cloud           Conj/Pois/Air  0%         N/A       97%         3
 Ozocubu's Armour         Ice            0%         N/A       97%         3
 Portal Projectile        Hex/Tloc       0%         N/A       97%         3
 Spider Form              Tmut/Pois      0%         N/A       97%         3
 Stone Arrow              Conj/Erth      0%         3d7       97%         3
 Summon Guardian Golem    Hex/Summ       0%         N/A       97%         3
 Swiftness                Air            0%         N/A       97%         3
 Teleport Other           Tloc           0%         N/A       97%         3
 Tukima's Dance           Hex            0%         N/A       97%         3
 Vampiric Draining        Necr           0%         2d6       97%         3
 Animate Armour           Summ/Erth      0%         N/A       100%        4
 Cause Fear               Hex            0%         N/A       100%        4
 Fulminant Prism          Conj/Hex       0%         3d6       100%        4
 Hailstorm                Conj/Ice       0%         3d3       100%        4
 Ice Form                 Ice/Tmut       0%         N/A       100%        4
 Olgreb's Toxic Radiance  Pois           0%         N/A       100%        4
 Passage of Golubria      Tloc           N/A        N/A       100%        4
 Sticky Flame             Conj/Fire      0%         2d3       100%        4
 Summon Lightning Spire   Summ/Air       0%         N/A       100%        4
 Agony                    Necr           0%         N/A       100%        5
 Blade Hands              Tmut           0%         N/A       100%        5
 Bolt of Magma            Conj/Fire/Erth 0%         4d4       100%        5
 Excruciating Wounds      Necr           0%         N/A       100%        5
 Freezing Cloud           Conj/Ice/Air   0%         6-21      100%        5
 Irradiate                Conj/Tmut      0%         3d14      100%        5
 Iskenderun's Battlesphe  Conj           0%         2d6       100%        5
 Lee's Rapid Deconstruct  Erth           0%         3d5*      100%        5
 Lightning Bolt           Conj/Air       0%         1d11      100%        5
 Manifold Assault         Tloc           0%         N/A       100%        5
 Metabolic Englaciation   Hex/Ice        0%         N/A       100%        5
 Silence                  Hex/Air        0%         N/A       100%        5
 Summon Forest            Summ/Tloc      0%         N/A       100%        5
 Summon Mana Viper        Hex/Summ       0%         N/A       100%        5
 Yara's Violent Unravell  Hex/Tmut       0%         3d3       100%        5
 Conjure Ball Lightning   Conj/Air       0%         3x3d6     100%        6
 Dispersal                Tloc           0%         N/A       100%        6
 Iron Shot                Conj/Erth      0%         9d1       100%        6
 Shadow Creatures         Summ           N/A        N/A       100%        6
 Simulacrum               Ice/Necr       0%         N/A       100%        6
 Starburst                Conj/Fire      0%         8x6d3     100%        6
 Dragon Form              Tmut           0%         N/A       100%        7
 Ozocubu's Refrigeration  Ice            0%         4d5       100%        7
 Spellforged Servitor     Conj/Summ      0%         N/A       100%        7
 Storm Form               Tmut/Air       0%         N/A       100%        7
 Discord                  Hex            0%         N/A       100%        8
 Disjunction              Tloc           0%         N/A       100%        8
 Ignition                 Fire           0%         3d3       100%        8
 Lehudib's Crystal Spear  Conj/Erth      0%         10d2      100%        8
 Maxwell's Capacitive Co  Air            0%         ∞         100%        8
 Dragon's Call            Summ           0%         N/A       100%        9
 Polar Vortex             Ice            0%         N/A       100%        9


Dungeon Overview and Level Annotations

Branches:
Dungeon (15/15)            Temple (1/1) D:5            Lair (6/6) D:8
 Shoals (4/4) Lair:3       Spider (4/4) Lair:4        Slime (0/5) Lair:5
    Orc (2/2) D:12            Elf (3/3) Orc:2        Vaults (5/5) D:13
  Crypt (0/3) Vaults:2     Depths (5/5) D:15            Zot (0/5) Depths:5
  IceCv (visited)         Gauntlet (visited)

Altars:
Ashenzari
Cheibriados
Dithmenos
Elyvilon
Fedhas
Gozag
Hepliaklqana
Kikubaaqudgha
Makhleb
Nemelex Xobeh
Okawaru
Qazlal
Ru
Sif Muna
Trog
Uskayaw
Vehumet
Wu Jian
Xom
Yredelemnul
Zin
The Shining One
Beogh
Jiyva

Shops:
D:1 :   D:5 !   D:6 (   D:8 *:[   Orc:2 :(=!   Elf:1 =::   Elf:2 *   Elf:3 :!((
Shoals:1 [   Shoals:3 *   Vaults:3 *   Vaults:4 (

Portals:
Hell: Depths:1 Depths:2 Depths:3 Depths:4 Depths:5
Abyss: Depths:1 Depths:4
Pandemonium: Depths:1 Depths:3
Ziggurat: Depths:3
Trove: Vaults:3 (give +4 demon whip)

Annotations:
Vaults:1 3


Innate Abilities, Weirdness & Mutations

You have a pair of horns on your head.
You reflexively headbutt those who attack you in melee.
You have large cloven feet.
Your magical capacity is low. (-10% MP)


Message History

The phantasmal warrior closely misses you.
You furiously retaliate!
You headbutt the phantasmal warrior. The ettin misses you.
You block the ettin's attack.
The phantasmal warrior barely misses you.
The deep elf high priest calls down the wrath of its god upon you.
Something smites you!
* * * LOW HITPOINT WARNING * * *
You are momentarily dazzled by a brilliant light.
The phantasmal warrior hits you but does no damage.
The vault warden activates a sealing rune.
The deep elf high priest mumbles some strange prayers to its god against you.
Something smites you!
* * * LOW HITPOINT WARNING * * *
The ettin misses you.
The ettin hits you with a +0 dire flail!!!
* * * LOW HITPOINT WARNING * * *
You hear a shout!
The runic seals fade away.
Your daeva calls down the wrath of the Shining One upon the phantasmal warrior.
The phantasmal warrior is smitten.
The dire elephant changes into a storm dragon!
The deep elf high priest says, "You will make a fine sacrifice."
Your daeva hits the ettin with a +3 scimitar of holy wrath! x2
The phantasmal warrior hits you!!
* * * LOW HITPOINT WARNING * * *
You feel yourself speed up.
The storm dragon changes into a death yak!
The ettin hits you with a +0 dire flail!
* * * LOW HITPOINT WARNING * * *
The ettin hits you with a +0 dire flail.
* * * LOW HITPOINT WARNING * * *
Your daeva calls down the wrath of the Shining One upon the phantasmal warrior.
The phantasmal warrior is smitten.
The phantasmal warrior hits you but does no damage.
You feel much better.
The deep elf high priest calls down the wrath of its god upon you.
Something smites you!
* * * LOW HITPOINT WARNING * * *
The ettin hits you with a +0 dire flail!!
You die...

## ## #.........#
.###.........#....#
∩.#...........#....#..#
..#...........#....#..#
'++#...........#....#..#
++#...............#....#..#
.............e.A..#....#..#####.
.............Y)C.)#../.#........
.C...........ppW@...............
#################..[[.[.[#######
. ........[[<<.......... .
........[<[.<.[....... .
.........[<<.......... .
.......[..)........... #######
#######........######## .......
#............#.#.#.# .......
.......#....#.#.#.#.#.


You could see a vault warden (strong), a death yak shaped shifter, an ettin
(strong), a deep elf high priest (strong), a phantasmal warrior (strong, ally
target), an ironbound convoker and a friendly daeva (summoned).

Vanquished Creatures
  2 ancient liches
  Mara (Spider:3)
  2 juggernauts (Depths:3)
  The ghost of Ponakli the Metallomancer, a veteran TrWz of Cheibriados (Vaults:1)
  Bai Suzhen (Elf:3)
  A golden dragon (shapeshifter) (Depths:2)
  Nikola (Shoals:2)
  2 caustic shrikes (Depths:3)
  2 golden dragons
  The ghost of Zuydaofups the Warrior, an adept DrWn of Gozag (Vaults:1)
  the Enchantress (Depths:2)
  2 bone dragons
  The ghost of Argha the Marksgargoyle, a veteran GrGl of Okawaru (Depths:1)
  A hellephant (Depths:1)
  A tentacled monstrosity (Vaults:5)
  5 liches
  4 titans
  5 deep elf blademasters
  2 deep elf master archers (Elf:3)
  A quicksilver dragon (Vaults:5)
  3 krakens
  9 sphinxes
  5 tentacled starspawn
  2 storm dragons
  A sphinx (shapeshifter) (Depths:2)
  Donald (Shoals:1)
  2 shadow dragons
  A tengu reaver (Vaults:5)
  A storm dragon (shapeshifter) (Depths:4)
  A fenstrider witch (shapeshifter) (Depths:2)
  12 vault wardens
  Aizul (Depths:1)
  8 fire giants
  2 iron dragons
  3 deep elf sorcerers (Elf:3)
  7 frost giants
  6 emperor scorpions
  4 orc warlords
  2 spectral caustic shrikes (Depths:2)
  A draconian knight (Depths:5)
  A caustic shrike zombie (Depths:3)
  A ghoul (Vaults:2)
  5 spriggan defenders
  20 ironbound preservers
  5 ghost moths
  A reaper (Depths:4)
  8 war gargoyles
  34 very ugly things
  5 deep elf elementalists
  15 stone giants
  The ghost of Quyjis the Severer, a journeyman DDGl of Makhleb (Lair:4)
  A green draconian (Depths:5)
  A black draconian (Depths:5)
  A vampire knight (Depths:1)
  6 deep elf annihilators
  A spectral titan (Depths:3)
  The ghost of Vaanwiku the Fighter, a journeyman GrFi of Okawaru (Depths:2)
  A red draconian (Abyss:2)
  2 white draconians (Depths:5)
  A dire elephant (shapeshifter) (Depths:2)
  4 spark wasps
  5 deep elf demonologists (Elf:3)
  A spark wasp (shapeshifter) (Depths:2)
  A minotaur (Gauntlet)
  6 entropy weavers
  A minotaur (shapeshifter) (Depths:2)
  An ettin (shapeshifter) (Depths:2)
  14 ettins
  4 merfolk javelineers
  A green death (Depths:4)
  11 merfolk impalers
  A blizzard demon (Depths:2)
  7 great orbs of eyes
  12 fire dragons
  7 deep elf death magi
  4 rakshasas
  8 deep elf high priests
  32 vault guards
  10 yaktaur captains
  7 boulder beetles
  A peacekeeper (Vaults:4)
  7 ice dragons
  9 ironbound thunderhulks
  2 spectral tengu
  6 spriggan air magi
  16 hydras
  7 ironbound frosthearts
  A catoblepas (Lair:3)
  A juggernaut simulacrum (Depths:3)
  A catoblepas (shapeshifter) (Depths:2)
  3 merfolk avatars
  2 alligator snapping turtles (Shoals:1)
  9 centaur warriors
  7 merfolk aquamancers
  A death knight (D:13)
  4 ogre magi
  20 death yaks
  3 satyrs
  7 tengu warriors
  6 deep troll shamans
  10 two-headed ogres
  39 dancing weapons
  A spectral storm dragon (Depths:2)
  An ironbound beastmaster (Vaults:3)
  11 deep troll earth magi
  9 thrashing horrors
  5 spriggan berserkers
  Urug (D:10)
  13 hell hogs
  2 vampire magi
  9 hell knights
  18 deep elf knights
  2 soul eaters
  3 orc high priests
  A sun demon (Abyss:2)
  A shadow wraith (Depths:4)
  A wretched star (Abyss:3)
  Nergalle (Lair:4)
  A goliath frog (Depths:4)
  A death drake (Abyss:2)
  5 skeletal warriors (D:9)
  77 deep trolls
  4 iron trolls
  2 sixfirhies
  A spectral entropy weaver (Spider:2)
  10 sea snakes
  7 glowing orange brains
  4 obsidian statues (Depths:2)
  6 flayed ghosts
  28 deep elf pyromancers
  A tengu zombie (Depths:3)
  32 harpies
  4 phantasmal warriors
  16 ironbound convokers
  3 orc knights
  9 necromancers
  A golden dragon skeleton (Depths:3)
  2 lindwurms (Vaults:3)
  12 wizards
  18 deep elf archers
  A spectral wolf spider (Spider:2)
  A glowing shapeshifter (Depths:2)
  15 wolf spiders
  25 deep elf zephyrmancers
  8 orc sorcerers (Orc:2)
  2 frost giant zombies (Depths:3)
  10 orb spiders
  48 ugly things
  A wolf spider (shapeshifter) (Depths:2)
  A cyclops (shapeshifter) (Depths:3)
  3 worldbinders
  A salamander (shapeshifter) (Depths:2)
  A fire giant zombie (Depths:3)
  4 moths of wrath
  A shining eye (shapeshifter) (Depths:2)
  19 manticores
  9 fauns
  9 cyclopes
  2 salamanders
  A stone giant zombie (Abyss:3)
  8 merfolk sirens
  A moth of wrath (shapeshifter) (Depths:2)
  An elephant (shapeshifter) (Vaults:5)
  Joseph (D:7)
  2 black mambas
  3 elephants (Lair:6)
  A naga mage (Abyss:3)
  An ice statue (IceCv)
  4 smoke demons
  An orange demon (Abyss:3)
  A human skeleton (Vaults:3)
  3 apocalypse crabs
  2 spectral elves
  25 vault sentinels
  10 water nymphs
  3 molten gargoyles (Depths:2)
  A guardian serpent (Abyss:3)
  A rust devil (Abyss:3)
  Maggie (D:10)
  3 gargoyles
  9 cane toads
  A cane toad (shapeshifter) (Depths:2)
  A hellion (Depths:1)
  A torpor snail (shapeshifter) (Vaults:5)
  6 rime drakes
  6 unseen horrors
  12 komodo dragons
  7 tengu conjurers
  A torpor snail (Spider:4)
  30 yaktaurs
  A kobold demonologist (D:11)
  2 efreet
  A komodo dragon (shapeshifter) (Vaults:5)
  A yaktaur skeleton (Vaults:3)
  9 demonic crawlers
  A golden dragon simulacrum (Depths:3)
  5 hellwings
  A silent spectre (Abyss:2)
  A queen bee (shapeshifter) (Depths:2)
  2 red devils (Depths:1)
  2 ice devils
  An ancient zyme (Abyss:3)
  An entropy weaver simulacrum (Spider:2)
  24 jumping spiders
  2 freezing wraiths
  3 trolls
  25 merfolk
  25 hornets
  A tengu simulacrum (Depths:3)
  A wolf spider simulacrum (Spider:2)
  2 hornets (shapeshifter)
  11 polar bears
  9 wind drakes
  7 raiju
  2 spectral tarantellas (Spider:2)
  4 spectral jumping spiders
  A sphinx simulacrum (Vaults:3)
  Prince Ribbit (D:5)
  12 blink frogs
  31 slime creatures
  An iron dragon simulacrum (Depths:3)
  A dream sheep (shapeshifter) (Depths:2)
  16 snapping turtles
  7 dream sheep
  3 centaur simulacra
  5 air elementals (Depths:2)
  51 redbacks
  14 spriggans
  A vampire (D:14)
  4 ynoxinuls
  3 fire bats (Abyss:3)
  2 shadows
  26 tarantellas
  45 yaks
  9 starcursed masses
  Sigmund (D:3)
  8 fire elementals
  A tarantella (shapeshifter) (Elf:1)
  18 water elementals
  2 wyverns
  An elf simulacrum (Depths:3)
  2 wraiths (D:14)
  A yak (shapeshifter) (D:15)
  2 golden eyes (Abyss:3)
  13 large abominations
  12 vampire mosquitoes
  5 chaos spawn
  3 basilisks
  2 neqoxecs
  Menkaure (D:5)
  An elf skeleton (Depths:3)
  An emperor scorpion simulacrum (Spider:2)
  5 wargs
  2 acid dragons
  2 nagas (Abyss:3)
  15 water moccasins
  Duvessa (D:7)
  A floating eye (Depths:1)
  A sky beast (shapeshifter) (Abyss:2)
  A hornet zombie (D:5)
  31 orc warriors
  4 ice beasts
  5 black bears (Lair:6)
  A black bear (shapeshifter) (Depths:4)
  9 ogres
  3 sky beasts
  6 boggarts
  9 centaurs
  35 wolves
  2 phantoms
  9 small abominations
  5 kobold brigands
  3 elf zombies (Elf:1)
  13 bullfrogs
  12 scorpions
  2 gnoll sergeants (D:9)
  Dowan (D:7)
  8 earth elementals
  A hornet simulacrum (D:15)
  3 vampire bats (D:9)
  21 wights
  3 electric eels
  8 howler monkeys
  6 centaur zombies
  3 quasits
  2 hounds (D:6)
  19 orc priests
  A jelly (Abyss:2)
  A bullfrog skeleton (D:6)
  A centaur skeleton (D:6)
  A hell rat (Depths:4)
  2 iguanas
  49 orc wizards
  A howler monkey zombie (D:9)
  A howler monkey skeleton (D:5)
  9 gnolls (D:9)
  5 adders
  4 shadow imps
  8 white imps
  An ufetubus (D:6)
  A dart slug (D:1)
  99 orcs
  4 endoplasms
  6 giant cockroaches
  8 goblins
  6 hobgoblins
  9 jackals
  25 kobolds
  2 quokkas (D:3)
  8 ball pythons
  11 bats
  4 frilled lizards
  3 rats
  A ball lightning (Depths:2)
  A bush (Abyss:4)
  9 butterflies
  12 tentacles
2147 creatures vanquished.

Vanquished Creatures (collateral kills)
  Asterion (Spider:3)
  A frost giant (IceCv)
  The ghost of qborf the Ripper, a journeyman FeBe of Trog (Spider:2)
  An entropy weaver (shapeshifter) (Depths:2)
  A fire dragon (Depths:2)
  A deep elf high priest (Elf:3)
  A yaktaur captain (Vaults:1)
  An alligator snapping turtle (Shoals:4)
  A deep elf knight (Elf:3)
  A deep elf archer (Elf:3)
  An ugly thing (Depths:2)
  A deep elf pyromancer (Elf:3)
  A deep elf zephyrmancer (Elf:3)
  A manticore (Shoals:4)
  A water nymph (Shoals:4)
  A hellion (Abyss:3)
  A rime drake (IceCv)
  2 hornets
  A wind drake (Shoals:1)
  5 merfolk (Shoals:4)
  A raiju (Abyss:3)
  A water elemental (Shoals:1)
  An air elemental (Elf:3)
  2 yaks (IceCv)
  A wolf (IceCv)
  An earth elemental (Depths:2)
32 creatures vanquished.

Vanquished Creatures (others)
  2 very ugly things
  A hell hog (Depths:1)
  An ugly thing (Depths:2)
  A manticore (Shoals:2)
  A polar bear (D:12)
  A water elemental (Depths:2)
  An orc (Orc:2)
  A kobold (D:7)
  7 ball lightnings (Depths:2)
  8 demonic plants (Abyss:4)
  22 fungi
  105 plants
  9 starspawn tentacles
  30 tentacles
  6 withered plants (Vaults:1)
196 creatures vanquished.

Grand Total: 2375 creatures vanquished

Notes
Turn   | Place    | Note
-------+----------+-------------------------------------------
     0 | D:1      | wakim the Minotaur Monk began the quest for the Orb.
     0 | D:1      | Reached XP level 1. HP: 19/19 MP: 0/0
    79 | D:1      | Found Aqupot's Book Shop.
   153 | D:1      | Reached XP level 2. HP: 25/27 MP: 1/1
   160 | D:1      | Reached skill level 4 in Maces & Flails
   373 | D:1      | Reached skill level 1 in Armour
   513 | D:1      | Found a faded altar of an unknown god.
   678 | D:2      | Reached XP level 3. HP: 33/33 MP: 2/2
  2149 | D:3      | Reached XP level 4. HP: 40/40 MP: 3/3
  2336 | D:3      | Noticed Sigmund
  2346 | D:3      | Killed Sigmund
  2347 | D:3      | Reached skill level 5 in Maces & Flails
  2347 | D:3      | Reached XP level 5. HP: 32/47 MP: 4/4
  2748 | D:3      | Found an ancient bone altar of Kikubaaqudgha.
  2904 | D:4      | Reached XP level 6. HP: 55/55 MP: 5/5
  3421 | D:4      | Reached skill level 6 in Maces & Flails
  3426 | D:4      | Reached skill level 5 in Fighting
  3589 | D:4      | Noticed a wyvern
  3609 | D:4      | Killed a wyvern
  3610 | D:4      | Reached XP level 7. HP: 18/61 MP: 6/6
  3975 | D:4      | Reached skill level 5 in Dodging
  4086 | D:5      | Entered Level 5 of the Dungeon
  4123 | D:5      | Reached skill level 7 in Maces & Flails
  4303 | D:5      | Found Cyarpheg's Distillery.
  4415 | D:5      | Noticed Menkaure
  4431 | D:5      | HP: 4/93 [Menkaure (5)]
  4440 | D:5      | HP: 1/93 [Menkaure (4)]
  4442 | D:5      | Killed Menkaure
  4784 | D:5      | Noticed Prince Ribbit
  4925 | D:5      | Reached skill level 8 in Maces & Flails
  4925 | D:5      | Reached XP level 8. HP: 53/70 MP: 7/7
  4947 | D:5      | Reached skill level 5 in Armour
  5465 | D:5      | Killed Prince Ribbit
  5466 | D:5      | Reached skill level 9 in Maces & Flails
  5466 | D:5      | Reached skill level 1 in Bows
  5667 | D:5      | Found a staircase to the Ecumenical Temple.
  5689 | Temple   | Entered the Ecumenical Temple
  5746 | Temple   | Became a worshipper of the Shining One
  5746 | Temple   | Reached * piety under the Shining One
  5746 | Temple   | Reached ** piety under the Shining One
  6032 | D:6      | Reached XP level 9. HP: 40/79 MP: 8/8
  6285 | D:6      | Reached skill level 1 in Invocations
  6597 | D:6      | Found Zegefori's Weapon Shop.
  6977 | D:6      | Reached *** piety under the Shining One
  7061 | D:6      | Reached skill level 10 in Maces & Flails
  7348 | D:7      | Noticed Joseph
  7364 | D:7      | Killed Joseph
  7365 | D:7      | Reached skill level 5 in Bows
  7577 | D:7      | Reached XP level 10. HP: 74/88 MP: 9/11
  7969 | D:7      | Noticed Duvessa
  7969 | D:7      | Noticed Dowan
  7975 | D:7      | Killed Duvessa
  7979 | D:7      | Killed Dowan
  9115 | D:8      | Identified a scroll of acquirement
  9115 | D:8      | Acquired the +8 longbow "Lemunamn" {flame, rC+ Dex+3}
  9256 | D:8      | Found Edeomm Jeal's Elemental Accessories.
  9282 | D:8      | Reached skill level 11 in Maces & Flails
  9321 | D:8      | Found a staircase to the Lair.
  9554 | D:8      | Found Yggun's Self-Improvement Boutique.
  9878 | D:8      | Found Rugac's Antique Armour Shoppe.
 10271 | D:9      | Reached **** piety under the Shining One
 10346 | D:9      | Noticed a skeletal warrior
 10371 | D:9      | Killed a skeletal warrior
 10609 | D:9      | Noticed a skeletal warrior
 10614 | D:9      | Killed a skeletal warrior
 10616 | D:9      | Noticed a skeletal warrior
 10625 | D:9      | Killed a skeletal warrior
 10626 | D:9      | Noticed a skeletal warrior
 10637 | D:9      | Killed a skeletal warrior
 10638 | D:9      | Reached XP level 11. HP: 66/95 MP: 13/13
 10758 | D:9      | Noticed a skeletal warrior
 10769 | D:9      | Killed a skeletal warrior
 10833 | D:9      | Reached skill level 5 in Invocations
 11183 | D:10     | Entered Level 10 of the Dungeon
 11186 | D:10     | Noticed Maggie
 11231 | D:10     | Noticed Urug
 11251 | D:10     | Killed Urug
 11252 | D:10     | Reached skill level 12 in Maces & Flails
 11713 | D:10     | Killed Maggie
 12360 | Lair:1   | Entered Level 1 of the Lair of Beasts
 12535 | Lair:1   | Noticed a five-headed hydra
 12542 | Lair:1   | Killed a five-headed hydra
 12682 | Lair:1   | Identified the +1 ring mail "Wozeuk" {-Tele rN+++ Str+3}
 13462 | Lair:2   | Reached XP level 12. HP: 106/106 MP: 15/15
 13467 | Lair:2   | Noticed a five-headed hydra
 13471 | Lair:2   | Noticed a five-headed hydra
 13472 | Lair:2   | Reached ***** piety under the Shining One
 13530 | Lair:1   | Acquired 583 gold pieces
 13601 | Lair:2   | Killed a five-headed hydra
 13673 | Lair:1   | Reached skill level 13 in Maces & Flails
 13839 | Lair:2   | Killed a five-headed hydra
 13840 | Lair:2   | Reached skill level 10 in Fighting
 15001 | Lair:3   | Noticed a seven-headed hydra
 15010 | Lair:3   | Killed a seven-headed hydra
 15109 | Lair:3   | Reached skill level 10 in Bows
 15109 | Lair:3   | Found a staircase to the Shoals.
 15130 | Lair:3   | Noticed a catoblepas
 15137 | Lair:3   | Killed a catoblepas
 15650 | Lair:4   | Noticed an eight-headed hydra
 15658 | Lair:4   | Killed an eight-headed hydra
 15752 | Lair:4   | Noticed an eight-headed hydra
 15757 | Lair:4   | Killed an eight-headed hydra
 15958 | Lair:4   | Noticed Nergalle
 15973 | Lair:4   | Killed Nergalle
 16145 | Lair:4   | Reached XP level 13. HP: 114/114 MP: 18/18
 16281 | Lair:4   | Found a hole to the Spider Nest.
 16428 | Lair:4   | Found a runed translucent door.
 16429 | Lair:4   | Noticed Quyjis's ghost (journeyman DDGl)
 17136 | D:8      | Bought a crude plate armour for 700 gold pieces
 17136 | D:8      | Identified the +0 plate armour of Fuzetosh {rPois Regen+
                  | Str+4 Dex+6} (You bought it in a shop on level 8 of the
                  | Dungeon)
 17374 | Lair:5   | Reached skill level 14 in Maces & Flails
 17395 | Lair:4   | Reached skill level 10 in Armour
 17527 | Lair:5   | Found a viscous altar of Jiyva.
 17529 | Lair:5   | Found a staircase to the Slime Pits.
 17584 | Lair:5   | Identified the amulet "Zinabik" {RegenMP Dex+4 Slay+3}
 17658 | Lair:5   | Reached skill level 10 in Dodging
 17690 | Lair:5   | Found a hide-covered altar of Uskayaw.
 17690 | Lair:5   | Found an ornate altar of the Wu Jian Council.
 18339 | Lair:6   | Entered Level 6 of the Lair of Beasts
 18701 | Lair:6   | Reached skill level 10 in Invocations
 18826 | Lair:6   | Reached XP level 14. HP: 116/124 MP: 16/20
 20094 | D:11     | Reached ****** piety under the Shining One
 20629 | D:11     | Identified the +5 plate armour of Onarhax {rF++}
 21469 | D:12     | Paralysed by a hornet for 2 turns
 21535 | D:12     | Found a frozen archway.
 21603 | IceCv    | Entered an ice cave
 22477 | IceCv    | Noticed a frost giant
 22488 | IceCv    | Killed a frost giant
 22490 | IceCv    | Reached XP level 15. HP: 118/134 MP: 14/22
 23011 | D:12     | Found a staircase to the Orcish Mines.
 23242 | Orc:1    | Entered Level 1 of the Orcish Mines
 24386 | Orc:1    | Noticed an orc warlord
 24404 | Orc:1    | Killed an orc warlord
 24608 | Orc:2    | Entered Level 2 of the Orcish Mines
 24614 | Orc:2    | Noticed an orc warlord
 24650 | Orc:2    | Killed an orc warlord
 24926 | Orc:2    | Found a staircase to the Elven Halls.
 25395 | Orc:2    | Paralysed by an orc sorcerer for 2 turns
 25437 | Orc:2    | Found Biustott's Jewellery Shop.
 25660 | Orc:2    | Found an ancient bone altar of Kikubaaqudgha.
 25671 | Orc:2    | Paralysed by an orc sorcerer for 4 turns
 26054 | Orc:2    | Found a radiant altar of Vehumet.
 26186 | Orc:2    | Found Vem Emoa's Book Shop.
 26302 | Orc:2    | Found Ydwetz's Antique Weapon Boutique.
 26314 | Orc:2    | Found Fumohown's Distillery.
 26659 | D:13     | Found a gate leading to a gauntlet.
 26666 | Gauntlet | Entered a Gauntlet
 26666 | Gauntlet | Found a transporter.
 26669 | Gauntlet | Found a transporter.
 26681 | Gauntlet | Found a transporter.
 26685 | Gauntlet | Found a transporter.
 26700 | Gauntlet | Found a transporter.
 26718 | Gauntlet | Found a transporter.
 26731 | Gauntlet | Found a transporter.
 26753 | Gauntlet | Found a transporter.
 26755 | Gauntlet | Found a transporter.
 26759 | Gauntlet | Found a runed translucent door.
 26760 | Gauntlet | Found a runed translucent door.
 26763 | Gauntlet | Found a transporter.
 26784 | Gauntlet | Found a transporter.
 26788 | Gauntlet | Found a transporter.
 27000 | Gauntlet | Identified the +7 dagger of Ijeribok {vorpal, rPois}
 27276 | Gauntlet | Identified the ring of Zyap {Wiz rPois}
 27288 | Gauntlet | Identified the +1 ring mail of Indecent Exposure {Rampage
                  | *Slow rPois rF++}
 27288 | Gauntlet | Identified the ring of Decamid {Wiz rElec rCorr}
 27319 | Gauntlet | Identified the +0 tower shield "Tesuxzan" {Str-3 Int+6}
 27319 | Gauntlet | Identified the +5 war axe "Tofid" {freeze, Int+2 Stlth+}
 28017 | D:13     | Found a gate to the Vaults.
 28700 | D:8      | Bought a manual of Fighting for 1200 gold pieces
 28813 | D:5      | Bought a potion of heal wounds for 70 gold pieces
 28813 | D:5      | Bought a potion of mutation for 112 gold pieces
 28813 | D:5      | Bought a potion of curing for 42 gold pieces
 29484 | D:14     | Reached XP level 16. HP: 125/144 MP: 24/24
 29683 | D:14     | Found a shimmering blue altar of Sif Muna.
 29828 | D:14     | Identified the +4 ring mail of Grottiness {rElec Str+6
                  | Slay+2}
 30229 | D:15     | Entered Level 15 of the Dungeon
 30659 | D:15     | Found a burning altar of Makhleb.
 30744 | D:15     | Found an iron altar of Okawaru.
 31253 | D:15     | Found a staircase to the Depths.
 31735 | Spider:1 | Entered Level 1 of the Spider Nest
 32343 | Spider:1 | Reached skill level 15 in Bows
 33319 | Spider:2 | Found a runed translucent gate.
 33319 | Spider:2 | Found a runed translucent gate.
 33522 | Spider:2 | Found a runed translucent gate.
 33524 | Spider:2 | Noticed qborf's ghost (journeyman FeBe)
 33642 | Spider:2 | Reached skill level 15 in Maces & Flails
 34521 | Spider:2 | Killed qborf's ghost
 35211 | Spider:3 | Reached skill level 1 in Shields
 35296 | Spider:2 | Reached skill level 15 in Armour
 36216 | Spider:3 | Reached XP level 17. HP: 116/154 MP: 24/26
 36426 | Spider:3 | Noticed Mara
 36682 | Spider:3 | Noticed Asterion
 37004 | Spider:3 | Gained mutation: You sometimes lose the ability to read
                  | scrolls when taking damage. [a cacodemon]
 37013 | Spider:3 | Killed Asterion
 37229 | Spider:3 | Killed Mara
 37230 | Spider:3 | Reached skill level 15 in Fighting
 37259 | Spider:3 | Found the +7 Kryia's mail coat {PotionHeal*2 rC+}
 37858 | D:5      | Bought 2 potions of mutation for 224 gold pieces
 37858 | D:5      | Lost mutation: You sometimes lose the ability to read
                  | scrolls when taking damage. [potion of mutation]
 37858 | D:5      | Gained mutation: Your magical capacity is low. (-10% MP)
                  | [potion of mutation]
 37858 | D:5      | Gained mutation: You have large cloven feet. [potion of
                  | mutation]
 38080 | Spider:4 | Entered Level 4 of the Spider Nest
 38740 | Spider:4 | Reached skill level 5 in Shields
 39414 | Spider:4 | Reached skill level 16 in Maces & Flails
 39594 | Spider:4 | Got a gossamer rune of Zot
 39808 | Shoals:1 | Entered Level 1 of the Shoals
 39815 | Shoals:1 | Noticed Donald
 39821 | Shoals:1 | Cast into level 2 of the Abyss (Donald)
 40621 | Shoals:1 | Escaped the Abyss
 40635 | Shoals:1 | Killed Donald
 40835 | Shoals:1 | Found Nuep's Antique Armour Shop.
 40843 | Shoals:1 | Bought a pair of embroidered boots for 195 gold pieces
 41667 | Shoals:1 | Reached XP level 18. HP: 166/166 MP: 24/24
 42887 | Shoals:2 | Noticed Nikola
 42898 | Shoals:2 | Killed Nikola
 43852 | Shoals:2 | Reached skill level 17 in Maces & Flails
 44375 | Shoals:3 | Found Eruoboj's Gadget Gallery.
 46082 | Shoals:4 | Entered Level 4 of the Shoals
 47470 | Shoals:4 | Reached XP level 19. HP: 87/177 MP: 25/25
 48445 | Shoals:4 | Got a barnacled rune of Zot
 48664 | Shoals:4 | Identified the amulet of the Curious Allies {RegenMP Will+
                  | rCorr Stlth-}
 49126 | Elf:1    | Entered Level 1 of the Elven Halls
 49228 | Elf:1    | Reached skill level 18 in Maces & Flails
 50902 | Elf:1    | Found Jarphuzad's Jewellery Boutique.
 50902 | Elf:1    | Found Iqau's Book Shoppe.
 50903 | Elf:1    | Found Voenatz's Book Shoppe.
 50911 | Elf:1    | Bought a ring of willpower for 450 gold pieces
 51053 | Elf:2    | Found Doimie Haytu's General Store.
 52056 | Elf:2    | Found a runed translucent door.
 52080 | Elf:2    | Found a runed translucent door.
 52727 | Elf:2    | Cast into level 3 of the Abyss (+3 trident of distortion)
 52878 | Abyss:3  | Reached skill level 19 in Maces & Flails
 52901 | Abyss:3  | Noticed a bone dragon
 52909 | Abyss:3  | Killed a bone dragon
 52966 | Abyss:3  | Reached skill level 15 in Invocations
 52994 | Abyss:3  | HP: 8/180 [starcursed mass/accursed screaming (8)]
 53109 | Abyss:3  | Reached XP level 20. HP: 70/189 MP: 27/27
 53436 | Abyss:3  | Found a corrupted altar of Lugonu.
 53592 | Abyss:4  | Paralysed by accursed screaming for 1 turns
 53597 | Elf:2    | Escaped the Abyss
 54394 | Elf:3    | Entered Level 3 of the Elven Halls
 54478 | Elf:3    | Found Cyar's Weapon Shop.
 54523 | Elf:3    | Found Uwnuixt's Antique Weapon Emporium.
 54595 | Elf:3    | Found Vufeus Dyryd's Book Boutique.
 54619 | Elf:3    | Found Marur's Distillery.
 54624 | Elf:3    | Bought a potion of haste for 180 gold pieces
 54624 | Elf:3    | Bought a potion of haste for 180 gold pieces
 55257 | Elf:3    | Reached skill level 20 in Maces & Flails
 55286 | Elf:3    | Identified the ring of Wariness {Fly rC+ Int+3}
 55883 | Elf:3    | Noticed Bai Suzhen
 55893 | Elf:3    | Killed Bai Suzhen
 55896 | Elf:3    | Identified the +9 falchion of Poverty {holy, rF+ Str+2}
 55896 | Elf:3    | Identified the ring "Danese" {rPois rCorr}
 56430 | Elf:3    | Identified the ring of Himesyde {Contam rN+ Will- AC+4
                  | Str+4}
 56728 | Elf:3    | Identified the +6 hand axe of World's End {venom, rPois
                  | Will+}
 56747 | Elf:3    | Identified the +3 mace of Wrath {flame, rC+}
 56751 | Elf:3    | Got the Tome of Ashen Snow
 56763 | Elf:3    | Identified the +7 rapier of Evolution {speed, rCorr}
 57124 | Depths:1 | Entered Level 1 of the Depths
 57165 | Depths:1 | You fall into a shaft and drop 1 floor!
 57181 | Depths:2 | Paralysed by an air elemental for 1 turns
 57187 | Depths:2 | Identified the +8 tower shield of Viublabi {Will+ Stlth+}
 57196 | Depths:2 | Paralysed by an air elemental for 1 turns
 57202 | Depths:2 | Paralysed by an air elemental for 1 turns
 57205 | Depths:2 | Paralysed by an air elemental for 1 turns
 57379 | Depths:2 | Reached XP level 21. HP: 189/200 MP: 28/28
 57516 | Depths:2 | Paralysed by an air elemental for 1 turns
 58445 | Depths:2 | Found a gateway to Hell.
 58634 | Depths:2 | Found the ring of Shadows {Umbra +Inv Stlth+}
 58636 | Depths:2 | Noticed a golden dragon
 58641 | Depths:2 | a golden dragon changed into a shadow dragon
 58649 | Depths:2 | Noticed a golden dragon
 58649 | Depths:2 | a shadow dragon changed into a golden dragon
 58652 | Depths:2 | Killed a golden dragon
 58655 | Depths:2 | Reached skill level 1 in Crossbows
 59366 | Depths:2 | Identified the +4 spear "Henogrir" {chaos, rF++ rN++}
 59542 | Depths:1 | Noticed Argha's ghost (veteran GrGl)
 59543 | Depths:1 | Found a runed translucent gate.
 59544 | Depths:1 | Found a runed translucent gate.
 59544 | Depths:1 | Noticed the Enchantress
 59621 | Depths:2 | Killed the Enchantress
 59973 | Depths:1 | Identified the ring "Oneidoe" {rPois rF+ rC- Dex+6}
 60137 | Depths:1 | Noticed an ancient lich
 60138 | Depths:1 | Found the +3 hat of Pondering {ponderous, Will+ MP+10
                  | Int+5}
 60144 | Depths:1 | Killed an ancient lich
 60152 | Depths:1 | Reached skill level 21 in Maces & Flails
 60242 | Depths:1 | Paralysed by a floating eye for 3 turns
 60249 | Depths:1 | Paralysed by a floating eye for 2 turns
 60253 | Depths:1 | Paralysed by a floating eye for 2 turns
 60255 | Depths:1 | Paralysed by a floating eye for 2 turns
 60320 | Depths:1 | Identified the +2 spear "Qofunim" {vamp, rElec}
 60422 | Depths:1 | Found a blossoming altar of Fedhas.
 60496 | Depths:1 | Reached XP level 22. HP: 203/211 MP: 29/29
 60667 | Depths:1 | Found a runed translucent gate.
 60673 | Depths:1 | Identified the ring of Fivugom {Fly SInv}
 60689 | Depths:1 | Found a one-way gate to the infinite horrors of the Abyss.
 60806 | Depths:1 | Found a one-way gate leading to the halls of Pandemonium.
 60878 | Depths:1 | Noticed Aizul
 60880 | Depths:1 | Killed Aizul
 61204 | Depths:1 | Reached skill level 5 in Crossbows
 62049 | Lair:4   | Killed Quyjis's ghost
 62256 | Vaults:1 | Entered Level 1 of the Vaults
 62459 | Vaults:1 | Found a huge runed gate.
 62459 | Vaults:1 | Found a huge runed gate.
 62460 | Vaults:1 | Found a huge runed gate.
 62462 | Vaults:1 | Found a huge runed gate.
 62462 | Vaults:1 | Found a huge runed gate.
 62462 | Vaults:1 | Found a huge runed gate.
 62466 | Vaults:1 | Found a huge runed gate.
 62466 | Vaults:1 | Found a huge runed gate.
 62466 | Vaults:1 | Found a huge runed gate.
 62466 | Vaults:1 | Found a huge runed gate.
 62525 | Vaults:1 | Found a huge runed gate.
 62525 | Vaults:1 | Found a huge runed gate.
 62525 | Vaults:1 | Found a huge runed gate.
 62525 | Vaults:1 | Found a huge runed gate.
 62525 | Vaults:1 | Found a huge runed gate.
 62547 | Vaults:1 | Found a huge runed gate.
 62547 | Vaults:1 | Found a huge runed gate.
 62547 | Vaults:1 | Found a huge runed gate.
 62547 | Vaults:1 | Found a huge runed gate.
 62547 | Vaults:1 | Found a huge runed gate.
 62547 | Vaults:1 | Found a huge runed gate.
 62548 | Vaults:1 | Found a huge runed gate.
 62549 | Vaults:1 | Found a huge runed gate.
 62550 | Vaults:1 | Found a huge runed gate.
 62558 | Vaults:1 | Found a huge runed gate.
 62558 | Vaults:1 | Found a huge runed gate.
 62558 | Vaults:1 | Found a huge runed gate.
 62558 | Vaults:1 | Found a huge runed gate.
 62558 | Vaults:1 | Found a huge runed gate.
 62558 | Vaults:1 | Found a huge runed gate.
 62559 | Vaults:1 | Found a huge runed gate.
 62560 | Vaults:1 | Found a huge runed gate.
 62643 | Vaults:1 | Found a huge runed gate.
 62651 | Vaults:1 | Found a huge runed gate.
 62651 | Vaults:1 | Found a huge runed gate.
 62651 | Vaults:1 | Found a huge runed gate.
 63186 | Vaults:1 | Found a huge runed gate.
 63186 | Vaults:1 | Found a huge runed gate.
 63186 | Vaults:1 | Found a huge runed gate.
 63186 | Vaults:1 | Found a huge runed gate.
 63187 | Vaults:1 | Found a huge runed gate.
 63187 | Vaults:1 | Found a huge runed gate.
 63187 | Vaults:1 | Found a huge runed gate.
 63187 | Vaults:1 | Found a huge runed gate.
 63188 | Vaults:1 | Found a huge runed gate.
 63188 | Vaults:1 | Found a huge runed gate.
 63188 | Vaults:1 | Found a huge runed gate.
 63188 | Vaults:1 | Found a huge runed gate.
 63188 | Vaults:1 | Found a huge runed gate.
 63189 | Vaults:1 | Found a huge runed gate.
 63191 | Vaults:1 | Found a huge runed gate.
 63192 | Vaults:1 | Found a huge runed gate.
 63193 | Vaults:1 | Found a huge runed gate.
 63201 | Vaults:1 | Found a huge runed gate.
 63201 | Vaults:1 | Found a huge runed gate.
 63201 | Vaults:1 | Found a huge runed gate.
 63201 | Vaults:1 | Found a huge runed gate.
 63201 | Vaults:1 | Found a huge runed gate.
 63201 | Vaults:1 | Found a huge runed gate.
 63202 | Vaults:1 | Found a huge runed gate.
 63203 | Vaults:1 | Found a huge runed gate.
 63204 | Vaults:1 | Found a huge runed gate.
 63212 | Vaults:1 | Found a huge runed gate.
 63212 | Vaults:1 | Found a huge runed gate.
 63212 | Vaults:1 | Found a huge runed gate.
 63212 | Vaults:1 | Found a huge runed gate.
 63212 | Vaults:1 | Found a huge runed gate.
 63212 | Vaults:1 | Found a huge runed gate.
 63213 | Vaults:1 | Found a huge runed gate.
 63214 | Vaults:1 | Found a huge runed gate.
 63215 | Vaults:1 | Found a huge runed gate.
 63223 | Vaults:1 | Found a huge runed gate.
 63993 | Vaults:1 | Found a runed translucent gate.
 63993 | Vaults:1 | Found a runed translucent gate.
 63993 | Vaults:1 | Found a runed translucent gate.
 63996 | Vaults:1 | Noticed Zuydaofups's ghost (adept DrWn)
 63996 | Vaults:1 | Noticed Ponakli's ghost (veteran TrWz)
 66578 | Elf:2    | Bought a potion of resistance for 150 gold pieces
 66818 | Vaults:2 | Found a staircase to the Crypt.
 67215 | Vaults:2 | Reached XP level 23. HP: 158/220 MP: 31/31
 67424 | Vaults:2 | Identified the ring "Dasumat" {rC+ MP+9}
 69382 | Vaults:3 | Found Niss's General Store.
 69388 | Vaults:3 | Bought a scroll of blinking for 165 gold pieces
 70737 | Vaults:3 | Found a portal to a secret trove of treasure.
 71595 | Vaults:4 | Reached skill level 22 in Maces & Flails
 71611 | Vaults:3 | Reached skill level 10 in Shields
 72345 | Vaults:4 | Found Lykkigh's Weapon Emporium.
 72504 | Vaults:4 | Identified the +3 halberd "Jisoq" {flame, rPois}
 73244 | Vaults:4 | Identified the +0 pair of gloves of Responsibility {rPois
                  | rF+ SInv Stlth+}
 73875 | Vaults:4 | Identified the +1 leather armour "Ciann" {Harm +Inv Int-3
                  | SInv}
 74819 | Depths:1 | Killed Argha's ghost
 75359 | Depths:3 | Noticed a caustic shrike
 75363 | Depths:3 | Killed a caustic shrike
 75395 | Depths:3 | Noticed a caustic shrike
 75411 | Depths:3 | Killed a caustic shrike
 75412 | Depths:3 | Reached XP level 24. HP: 111/229 MP: 31/31
 76096 | Depths:3 | Noticed a juggernaut
 76104 | Depths:3 | Killed a juggernaut
 76136 | Depths:3 | Identified the +1 ring mail "Joveixet" {rN++ Will+ Str+2
                  | Int-2}
 76372 | Depths:3 | Reached skill level 10 in Crossbows
 76396 | Depths:3 | Noticed a juggernaut
 76399 | Depths:3 | Killed a juggernaut
 76855 | Depths:3 | Found a runed translucent gate.
 76855 | Depths:3 | Found a runed translucent gate.
 76855 | Depths:3 | Found a runed translucent gate.
 76855 | Depths:3 | Noticed Vaanwiku's ghost (journeyman GrFi)
 76855 | Depths:3 | Noticed an ancient lich
 77055 | Depths:3 | Found a gateway to a ziggurat.
 77754 | Depths:4 | Found a runed translucent gate.
 77754 | Depths:4 | Found a runed translucent gate.
 77754 | Depths:4 | Found a runed translucent gate.
 79497 | Depths:4 | Acquired a manual of Crossbows
 79513 | Depths:5 | Entered Level 5 of the Depths
 79760 | Depths:2 | Killed Vaanwiku's ghost
 79789 | Depths:2 | Killed an ancient lich
 79790 | Depths:2 | Reached XP level 25. HP: 236/238 MP: 31/31
 79822 | Depths:3 | Got the Disquisition on Glacial Lightness
 80179 | Depths:5 | Reached skill level 23 in Maces & Flails
 80350 | Depths:5 | Found a gate to the Realm of Zot.
 81236 | Vaults:1 | Killed Zuydaofups's ghost
 81238 | Vaults:1 | Killed Ponakli's ghost
 81345 | Vaults:1 | Got the Volume of Hurtful Weightlessness
 81487 | Vaults:5 | Entered Level 5 of the Vaults
 82435 | Vaults:5 | Identified the +1 long sword "Aggec" {freeze, rF+ rC++
                  | Int-4}
 82464 | Vaults:5 | Reached skill level 15 in Shields
 82625 | Vaults:5 | Reached skill level 15 in Dodging
 82677 | Vaults:5 | Got a silver rune of Zot
 82685 | Vaults:5 | Identified the +3 mace of Impatience {speed, Int+3}
 83203 | Vaults:5 | HP: 8/240 [ettin (5)]
 83204 | Vaults:5 | Slain by an ettin

Illustrated notes

Levels and vault maps discovered:
D:1:      dpeg_arrival_rooms_with_view, layout_rooms, serial_shops,
          nicolae_shop_stone, hellmonk_ecumenical_altar_run_dry
D:2:      layout_loops_corners
D:3:      layout_loops_corners, mainiacjoe_overflow_six_doors_small,
          uniq_sigmund
D:4:      layout_layer_cave, minivault_24
D:5:      layout_loops_ring, minmay_temple_entry_glassed_door, serial_shops,
          nicolae_shop_trees, hex_tiny, uniq_menkaure, uniq_prince_ribbit1
D:6:      layout_rooms, grunt_ministairs_11, wad_floor_pattern_untrapped,
          nicolae_stop_n_shop_1
D:7:      layout_loops_ring, kennysheep_dice, uniq_duvessa, uniq_joseph
D:8:      layout_loops_corners, lair_entry_dummy, serial_shops, shop,
          kennysheep_pointless_box, nicolae_elemental_shop,
          nicolae_shop_self_help
D:9:      layout_loops_ring, chequers_serial_rivers_micro_a, roderic_batcave
D:10:     minmay_general_purpose_star, layout_loops_ring, uniq_maggie, uniq_urug
D:11:     layout_stronghold
D:12:     layout_loops_ring, hiddenorc1_lemuel,
          portal_ice_cave_entry_animals_and_master
D:13:     layout_irregular_city, david_vaults_5, gauntlet_entry_generic
D:14:     layout_irregular_city, kennysheep_orc_sif_temple
D:15:     grunt_enter_depths_hoard, layout_cave_pods, bloody_makhleb,
          minmay_tree_intersection, okawaru_trees_2
Temple:   grunt_wide_crystal_templ
Lair:1:   layout_regular_city
Lair:2:   layout_gridlike
Lair:3:   layout_roguey, elwin_shoals_entry_rocks
Lair:4:   layout_regular_city, nicolae_spider_entry_tight_spaces,
          ebering_ghost_reflecting_pool, lemuel_fruit_fields, uniq_nergalle
Lair:5:   wander_river, layout_loops_ring, slime_altar_1,
          nzn_masters_of_martial_movement
Lair:6:   minmay_lair_end_enchanted_forest, layout_layer_cave
Shoals:1: cheibrodos_shoals_epimethial_gifts, layout_shoals, serial_shops, shop,
          nicolae_shoals_water_booths, uniq_donald
Shoals:2: layout_shoals, st_sunken_temple, uniq_nikola
Shoals:3: layout_shoals, nicolae_shoals_stone_sculpture_thing,
          nicolae_shop_gadgets
Shoals:4: shoals_end_hangedman, layout_shoals
Spider:1: layout_spider_delve
Spider:2: spiders_nest_scorpion_pit, gammafunk_ghost_necromancy
Spider:3: nicolae_spider_mines_1, nicolae_spider_paper_wasps, uniq_mara,
          uniq_asterion
Spider:4: spider_rune_water
Orc:1:    layout_diamond_mine, hellmonk_guarded_unrand_dark_maul
Orc:2:    kennysheep_orc_mage_school, layout_diamond_mine
Elf:1:    eino_elf_arrival_sip, layout_loops_corners, minmay_elf_necromancy,
          minmay_shop_grove
Elf:2:    nicolae_elf_blades_splatter_lattice
          [nicolae_blade_entry_splitting_headache], layout_geoelf_diagonals,
          serial_shops, shop_statue
Elf:3:    minmay_elf_hall_circle, layout_loops_cross, serial_shops,
          nicolae_shop_statue_plus, shop, nicolae_shop_crystal, shop,
          uniq_bai_suzhen
Vaults:1: gammafunk_vaults_ghost_cemetery, vaults_dpeg_ring,
          grunt_vaults_diagonal, hangedman_vaults_corner_blocks,
          ontoclasm_vaults_idyll, vaults_door_vault, v_pattern_5,
          vaults_not_door_vault_mu, hangedman_vaults_snaps, v_rooms_5,
          ontoclasm_vaults_hangar, nicolae_vaults_little_squares_2,
          nicolae_vaults_disjoint_gnomons, serial_ice_g,
          layout_vaults_maze_snakey
Vaults:2: vaults_mumra_hexcomb, hangedman_vaults_stream, v_misc_25,
          vaults_room_large_hall, v_misc_15, hangedman_vaults_capsules,
          nicolae_vaults_specimen_jars, hangedman_vaults_trim,
          ontoclasm_vaults_misaligned, ontoclasm_vaults_gateway,
          dpeg_vaults_monster_box, layout_vaults_quadrants,
          minmay_crypt_entry_simple_round
Vaults:3: vaults_room_ringed_pool, v_misc_11, v_misc_2,
          nicolae_vaults_network_barrier, grunt_vaults_hallway_long,
          nicolae_vaults_theta, nicolae_vaults_ninety_degrees,
          nicolae_vaults_little_ls, vaults_dpeg_spiral, vaults_room_pool,
          nicolae_vaults_shelves_hall, v_rooms_4, vaults_dpeg_hooks,
          layout_vaults_omnicross, serial_shops, shop,
          nicolae_trove_entry_crossroad
Vaults:4: nicolae_vaults_network_square, nicolae_vaults_circle_grid_a,
          v_misc_18, hangedman_vaults_unwind, nicolae_vaults_three_branches,
          vaults_room_semicircle, v_pattern_4,
          nicolae_vaults_windows_and_doors_thing, vaults_dpeg_diagonal,
          v_misc_17, nicolae_vaults_asterisk, nicolae_vaults_asterisk,
          layout_vaults_chaotic_city, serial_shops, nicolae_shop_statue_plus
Vaults:5: serial_shops
Depths:1: layout_gridlike, gammafunk_ghost_split, grunt_hell_horde, abyss_entry,
          grunt_pan_entry_spiral, fedhas_altar_4, minmay_the_grid_2x2
          [minmay_the_grid_dragon_b, minmay_the_grid_tri_star,
          minmay_the_grid_expand, minmay_the_grid_prize_four_corners],
          uniq_aizul, uniq_enchantress
Depths:2: radiant_caverns_a_rkd, hell_entry
Depths:3: minmay_bad_star, layout_cave_pools, enter_ziggurat_e, pan_entry,
          gammafunk_ghost_necromancy, hell_entry, st_stairs_14,
          infiniplex_staircase_trident
Depths:4: kennysheep_oblong_rooms, layout_basic, abyss_entry_glasseish,
          infiniplex_staircase_zigzag_3, hell_entry, kennysheep_big_empty_room,
          pandoras_box_mu, serial_bayou_shore_b
Depths:5: evilmike_zot_entry_basic, layout_gridville,
          pf_vacation_house_of_asmodeus, hangedman_decor_points,
          roderic_lattice_octagonal_star

Skill      XL: |  1  2  3  4  5  6  7  8  9 10 11 12 13 14 15 16 17 18 19 20 21 22 23 24 25 |
---------------+----------------------------------------------------------------------------+-----
Maces & Flails | 4 5 6 8 9 10 11 12 13 14 15 16 17 19 20 21 22 23 | 23.6
Armour         | 1 2 3 4 5 6 7 8 9 10 12 13 15 16 17 18 19 20 21 22 | 22.3
Fighting       | 4 5 6 7 8 9 10 11 12 13 14 16 17 18 19 20 21 22 | 22.6
Dodging        | 4 5 6 7 8 9 10 11 12 13 14 15 | 15.2
Bows           | 2 5 7 9 10 12 13 14 15 16 17 18 19 20 | 20.0
Invocations    | 2 4 6 8 10 11 12 13 14 15 16 17 18 | 18.7
Shields        | 2 5 7 11 14 15 | 15.0
Crossbows      | 4 7 9 11 12 | 12.9
Stealth        | |  1.5

Action                   |  1- 3 |  4- 6 |  7- 9 | 10-12 | 13-15 | 16-18 | 19-21 | 22-24 | 25-27 || total
-------------------------+-------+-------+-------+-------+-------+-------+-------+-------+-------++-------
Melee: Mace              |    32 |       |       |       |       |       |       |       |       ||    32
       Dagger            |    24 |       |       |       |       |       |       |       |       ||    24
       Headbutt          |    12 |    17 |    48 |    68 |   236 |   221 |   207 |   155 |    31 ||   995
       Hand axe          |    34 |    40 |       |       |       |       |       |       |       ||    74
       Flail             |       |    35 |   180 |       |       |       |       |       |       ||   215
       Dire flail        |       |       |    48 |   343 |   975 |   894 |   407 |       |       ||  2667
       Great sword       |       |       |    20 |       |       |       |       |       |       ||    20
       War axe           |       |       |    13 |       |       |       |       |       |       ||    13
       Maul              |       |       |       |       |       |    85 |   235 |   703 |   157 ||  1180
       Great mace        |       |       |       |       |       |       |   246 |   111 |       ||   357
 Fire: Shortbow          |       |       |    18 |    16 |       |       |       |       |       ||    34
       Longbow           |       |       |       |   173 |   317 |   622 |   418 |   123 |    27 ||  1680
Throw: Boomerang         |    15 |     5 |    11 |       |       |       |       |       |       ||    31
       Dart              |       |     4 |       |       |       |       |       |       |       ||     4
Invok: Divine Shield     |       |       |       |     3 |     6 |    10 |     9 |     6 |     2 ||    36
       Summon Divine War |       |       |       |       |     1 |     7 |     3 |     1 |     1 ||    13
       Cleansing Flame   |       |       |       |       |     2 |       |     1 |     4 |       ||     7
  Use: Scroll            |       |     1 |     2 |    15 |    14 |     6 |    10 |     3 |     3 ||    54
       Potion            |       |       |     1 |     1 |     7 |     4 |    14 |       |     2 ||    29
 Stab: Sleeping          |     3 |       |       |       |       |       |       |       |       ||     3
Armor: Robe              |     3 |       |       |       |       |       |       |       |       ||     3
       Plate armour      |    10 |    37 |   116 |    63 |   243 |     1 |       |       |       ||   470
       Ring mail         |     4 |       |       |       |       |       |       |       |       ||     4
       Skin              |       |       |     4 |       |       |       |       |       |       ||     4
       Chain mail        |       |       |       |    43 |    40 |       |       |       |       ||    83
       Gold dragon scale |       |       |       |       |    75 |   981 |   628 |  1132 |   187 ||  3003
Dodge: Dodged            |    87 |    32 |   158 |   162 |   460 |   692 |   355 |   713 |   118 ||  2777
Block: Other             |       |       |     3 |    61 |   269 |   366 |   214 |   338 |    73 ||  1324
       Reflection        |       |       |     2 |     3 |     4 |    11 |    34 |    28 |     8 ||    90
       Rpst.: Great sword |       |       |     3 |       |       |       |       |       |       ||     3

Table legend: (Time is in decaauts)
 A = Elapsed time spent in this place.
 B = Non-inter-level travel time spent in this place.
 C = Inter-level travel time spent in this place.
 D = Time resting spent in this place.
 E = Time spent auto-exploring this place.
 F = Levels seen in this place.
 G = Mean time per level.
                   A        B        C        D        E       F      G
               +--------+--------+--------+--------+--------+-----+--------+
         Total |  84226 |  76796 |   7430 |   8967 |  52720 |  50 | 1684.5 |
       Dungeon |  20922 |  17695 |   3227 |   1481 |  13081 |  15 | 1394.8 |
        Temple |     74 |     54 |     20 |      0 |     52 |   1 |   74.0 |
          Lair |   7842 |   6891 |    951 |    258 |   5582 |   6 | 1307.0 |
        Shoals |   7951 |   7688 |    263 |   1093 |   4947 |   4 | 1987.8 |
   Spider Nest |   7329 |   6983 |    346 |   1220 |   4279 |   4 | 1832.2 |
  Orcish Mines |   2981 |   2706 |    275 |    261 |   1865 |   2 | 1490.5 |
   Elven Halls |   6931 |   6552 |    379 |    727 |   4521 |   3 | 2310.3 |
        Vaults |  15212 |  14067 |   1145 |   2338 |   9366 |   5 | 3042.4 |
        Depths |  11611 |  10790 |    821 |   1117 |   7439 |   5 | 2322.2 |
         Abyss |   1537 |   1537 |      0 |      0 |    814 |   3 |  512.3 |
      Ice Cave |   1090 |   1090 |      0 |    264 |    574 |   1 | 1090.0 |
      Gauntlet |    742 |    742 |      0 |    208 |    197 |   1 |  742.0 |
               +--------+--------+--------+--------+--------+-----+--------+

Top non-repeatable levels by time:
Vaults:1: 4173 daAuts
Vaults:4: 4035 daAuts
Vaults:3: 3797 daAuts
Depths:2: 3669 daAuts
   Elf:2: 3547 daAuts
Spider:2: 3410 daAuts
Depths:4: 2698 daAuts
Vaults:2: 2564 daAuts
Depths:1: 2497 daAuts
Shoals:4: 2257 daAuts
Shoals:1: 2170 daAuts
     D:5: 2024 daAuts
Shoals:3: 2017 daAuts
   Elf:1: 2002 daAuts
    D:13: 1957 daAuts
